 Dungeon Crawl Stone Soup version 0.29-a0-297-g7659ce593d (webtiles) character file.

Game seed: 10123698723054150627

56 kipponium the Chopper (level 3, 0/43 HPs)
             Began as a Demonspawn Berserker on Mar 21, 2022.
             Was a Believer of Trog.
             Succumbed to an adder's poison
             ... on level 2 of the Dungeon.
             The game lasted 00:02:27 (2017 turns).

kipponium the Chopper (Demonspawn Berserker)        Turns: 2017, Time: 00:02:27

Health: 0/43       AC:  2    Str: 19    XL:     3   Next: 71%
Magic:  3/3        EV: 12    Int:  8    God:    Trog [**....]
Gold:   62         SH:  4    Dex: 12    Spells: 2/2 levels left

rFire   . . .      SeeInvis .   a - +0 hand axe
rCold   + . .      Faith    .   (no shield)
rNeg    . . .      Spirit   .   b - +0 animal skin
rPois   .          Reflect  .   (no helmet)
rElec   .          Harm     .   (no cloak)
rCorr   .          Rampage  .   (no gloves)
Will    .....                   (no boots)
Stlth   ..........              (no amulet)
HPRegen 0.14/turn               g - ring of protection from cold
MPRegen 0.08/turn               (no ring)

@: berserking, lethally poisoned (0 -> -4), very quick
A: condensation shield
a: Renounce Religion, Berserk, Trog's Hand


You were on level 2 of the Dungeon.
You worshipped Trog.
Trog was pleased with you.
You visited 1 branch of the dungeon, and saw 2 of its levels.

You collected 62 gold pieces.

Inventory:

Hand Weapons
 a - a +0 hand axe (weapon)
Armour
 b - a +0 animal skin (worn)
Jewellery
 g - a ring of protection from cold (left hand)
Scrolls
 c - a scroll of summoning {unknown}
 d - a scroll of magic mapping {unknown}
 e - a scroll of identify {unknown}
 f - a scroll of holy word {unknown}
 h - a scroll of immolation {unknown}


   Skills:
 - Level 3.0 Fighting
 * Level 4.3 Axes
 - Level 1.7 Armour
 - Level 1.7 Dodging


You had 2 spell levels left.
You didn't know any spells.
Your spell library was empty.

Dungeon Overview and Level Annotations

Branches:
Dungeon (2/15)

Altars:


Innate Abilities, Weirdness & Mutations

A meltable shield of frost defends you. (SH +4)


Message History

The adder closely misses you. You block the adder's attack.
You barely miss the adder.
The adder is almost dead.
The adder bites you but does no damage.
You barely miss the adder.
The adder is almost dead.
The adder barely misses you. The adder bites you.
You are poisoned.
The adder poisons you!
You closely miss the adder.
The adder is almost dead.
You feel sick. The adder bites you.
You are lethally poisoned!
The adder poisons you!
You barely miss the adder.
The adder is almost dead.
* * * LOW HITPOINT WARNING * * *
You feel very sick. The adder closely misses you.
You barely miss the adder.
The adder is almost dead.
* * * LOW HITPOINT WARNING * * *
You feel sick. The adder bites you but does no damage. The adder bites you.
* * * LOW HITPOINT WARNING * * *
A red film seems to cover your vision as you go berserk!
You feel yourself moving faster!
You feel mighty!
* * * LOW HITPOINT WARNING * * *
You feel sick. The adder closely misses you.
You miss the adder.
The adder is severely wounded.
* * * LOW HITPOINT WARNING * * *
You feel sick. The adder bites you but does no damage.
You miss the adder.
The adder is severely wounded.
* * * LOW HITPOINT WARNING * * *
You feel sick. You block the adder's attack.
You slash the adder!
You kill the adder!
Trog accepts your kill.
You die...

#.# ######.# #...##.#
### ## #.#.##.# ... .#
#.#....# #.. #.##
..####.# #.# ...
######.#.#.######?###.##
#...#.#..............
#[#.#...#####@###)##.#
#.#.###.# #.)......#
#.#.###.#........#.[.#
#.......#.#......... #
###.##### #.###.#.....
#.# ... ......# #.# ####
##)...# #.# .#.## #.#
..#


There were no monsters in sight!

Vanquished Creatures
  An adder (D:2)
  2 dart slugs (D:1)
  5 ball pythons
  An endoplasm (D:2)
  2 giant cockroaches (D:1)
  7 goblins
  5 hobgoblins (D:1)
  7 jackals
  2 quokkas
  6 bats (D:1)
  A frilled lizard (D:1)
  2 kobolds (D:1)
  7 rats (D:1)
48 creatures vanquished.

Notes
Turn   | Place    | Note
-------+----------+-------------------------------------------
     0 | D:1      | kipponium the Demonspawn Berserker began the quest for the
                  | Orb.
     0 | D:1      | Reached XP level 1. HP: 18/18 MP: 1/1
    94 | D:1      | Reached skill level 3 in Axes
   181 | D:1      | Gained mutation: A meltable shield of frost defends you.
                  | (SH +4) [demonic ancestry]
   181 | D:1      | Reached XP level 2. HP: 21/24 MP: 2/2
   788 | D:1      | Reached XP level 3. HP: 21/29 MP: 3/3
   794 | D:1      | Reached ** piety under Trog
  1152 | D:1      | Reached skill level 4 in Axes
  1279 | D:1      | Found a faded altar of an unknown god.
  2014 | D:2      | HP: 2/43 [poisoned by an adder]
  2017 | D:2      | Succumbed to an adder's poison

Illustrated notes

Levels and vault maps discovered:
D:1:      psy_arrival_radial02, layout_basic, ebering_ecumenical_altar_abandoned
D:2:      layout_basic

Skill      XL: |  1  2  3 |
---------------+----------+-----
Axes           | 3 4 |  4.3
Fighting       | |  3.0
Armour         | |  1.7
Dodging        | |  1.7

Action                   || total
-------------------------++-------
Melee: Hand axe          ||   144
Invok: Berserk           ||     3
 Stab: Sleeping          ||     2
Armor: Animal skin       ||    29
Dodge: Dodged            ||    94
Block: Other             ||    28

Table legend: (Time is in decaauts)
 A = Elapsed time spent in this place.
 B = Non-inter-level travel time spent in this place.
 C = Inter-level travel time spent in this place.
 D = Time resting spent in this place.
 E = Time spent auto-exploring this place.
 F = Levels seen in this place.
 G = Mean time per level.
                   A        B        C        D        E       F      G
               +--------+--------+--------+--------+--------+-----+--------+
         Total |   2058 |   2052 |      6 |    734 |    973 |   2 | 1029.0 |
       Dungeon |   2058 |   2052 |      6 |    734 |    973 |   2 | 1029.0 |
               +--------+--------+--------+--------+--------+-----+--------+

Top non-repeatable levels by time:
     D:1: 1694 daAuts
     D:2: 363 daAuts
